 Dungeon Crawl Stone Soup version 0.16.1-11-g651b585 (webtiles) character file.

89759 ImaNewbie the Eclecticist (level 15, 0/72 HPs)
             Began as a Deep Elf Conjurer on Mar 29, 2015.
             Was the Champion of Vehumet.
             Slain by a yak (9 damage)
             ... led by a shadow trap
             ... triggered by a fire dragon
             ... on level 8 of the Lair of Beasts on Mar 31, 2015.
             The game lasted 06:32:34 (30948 turns).

ImaNewbie the Eclecticist (Deep Elf Conjurer)      Turns: 30948, Time: 06:32:34

Health: 0/72       AC:  7    Str:  5    XL:     15   Next: 50%
Magic:  9/50       EV: 13    Int: 27    God:    Vehumet [******]
Gold:   1786       SH:  0    Dex: 15    Spells: 13 memorised, 8 levels left

rFire  + . .     SeeInvis .     m - staff of conjuration
rCold  . . .     Clarity  .     S - +2 robe {rC+}
rNeg   . . .     SustAb   .     (no shield)
rPois  .         Gourm    .     (no helmet)
rElec  .         Spirit   .     R - +0 cloak
rCorr  .         Warding  .     v - +1 pair of gloves
rMut   .         Stasis   .     (no boots)
MR     +....                    (no amulet)
Stlth  ++........               W - ring of fire
                                F - ring of magical power

@: very slightly contaminated, hasted and slowed, delayed fireball, somewhat
resistant to hostile enchantments, unstealthy
A: no striking features
a: Renounce Religion, Release Delayed Fireball


You were on level 8 of the Lair of Beasts.
You worshipped Vehumet.
Vehumet was exalted by your worship.
You were hungry.

You visited 4 branches of the dungeon, and saw 26 of its levels.
You also visited: Labyrinth and Ice Cave.

You collected 2696 gold pieces.
You spent 910 gold pieces at shops.

Inventory:

Hand weapons
 b - a +0 blowgun
 I - a +4 scimitar of flaming
Missiles
 p - 72 poisoned needles
Armour
 v - a +1 pair of gloves (worn)
 y - a +3 leather armour of fire resistance
 E - a +2 robe of positive energy
 R - a +0 cloak (worn)
 S - a +2 robe of cold resistance (worn)
Magical staves
 m - an uncursed staff of conjuration (weapon)
Jewellery
 D - an uncursed ring of wizardry
 F - a ring of magical power (left hand)
 K - an uncursed ring of ice
 V - an uncursed amulet of clarity
 W - a ring of fire (right hand)
 Y - an uncursed ring of poison resistance
Magical devices
 a - a wand of fire (10)
 e - a wand of digging (12)
 n - a wand of disintegration (4)
 o - a wand of polymorph (7)
 w - a wand of slowing (39)
 N - a wand of fireball (3)
 Z - a wand of cold (8)
Scrolls
 d - 4 scrolls of remove curse
 f - 12 scrolls of identify
 g - 2 scrolls of enchant armour
 u - a scroll of recharging
 z - 7 scrolls of teleportation
 C - 4 scrolls of amnesia
 G - 3 scrolls of fog
 L - 5 scrolls of magic mapping
 Q - 2 scrolls of acquirement
Potions
 j - a potion of haste
 l - 3 potions of restore abilities
 r - 2 potions of might
 x - 3 potions of berserk rage
 A - 2 potions of curing
 J - a potion of cancellation
 M - a potion of magic
 P - 3 potions of invisibility
 U - a potion of lignification
 X - a potion of brilliance
Books
 k - a book of Fire

   Spells                             Type                      Level
   a - Ignite Poison                  Fire/Transmutation           5
   b - Fireball                       Conjuration/Fire             5
   c - Bolt of Fire                   Conjuration/Fire             6
   d - Delayed Fireball               Conjuration/Fire             7
   e - Ring of Flames                 Charms/Fire                  7
 q - a book of Clouds

   Spells                             Type                      Level
   a - Mephitic Cloud                 Conjuration/Poison/Air       3
   b - Conjure Flame                  Conjuration/Fire             3
   c - Poisonous Cloud                Conjuration/Poison/Air       6
   d - Freezing Cloud                 Conjuration/Ice/Air          6
   e - Ring of Flames                 Charms/Fire                  7
 s - a book of Dreams

   Spells                             Type                      Level
   a - Ensorcelled Hibernation        Hexes/Ice                    2
   b - Flight                         Charms/Air                   3
   c - Phase Shift                    Translocation                5
   d - Shadow Creatures               Summoning                    5
   e - Mass Confusion                 Hexes                        6
   f - Darkness                       Hexes                        7
Comestibles
 c - 5 chunks of flesh
 h - 4 royal jellies
 i - 16 meat rations
 t - 11 bread rations
 B - 28 fruits
 T - 2 beef jerkies


   Skills:
 - Level 2.6 Dodging
 - Level 2.7 Stealth
 * Level 19.7 Spellcasting
 - Level 15.0 Conjurations
 - Level 9.0 Hexes
 + Level 14.9 Charms
 - Level 2.5 Transmutations
 + Level 13.8 Fire Magic


You had 8 spell levels left.
You knew the following spells:

 Your Spells              Type           Power        Failure   Level  Hunger
a - Magic Dart            Conj           ####         0%          1    None
b - Searing Ray           Conj           ######       0%          2    None
c - Dazzling Spray        Conj/Hex       #######.     1%          3    None
d - Iskenderun's Mystic   Conj           ########     1%          4    None
e - Fulminant Prism       Conj/Hex       #######...   1%          4    None
f - Iskenderun's Battles  Conj/Chrm      ########     1%          5    None
g - Conjure Flame         Conj/Fire      ########     0%          3    None
h - Irradiate             Conj/Trmt      #######...   1%          5    None
i - Mephitic Cloud        Conj/Pois/Air  ######..     1%          3    None
j - Delayed Fireball      Conj/Fire      N/A          1%          7    ####...
k - Fireball              Conj/Fire      ########..   1%          5    None
l - Summon Butterflies    Summ           ####....     1%          1    None
m - Ring of Flames        Chrm/Fire      ########..   4%          7    ####...


Dungeon Overview and Level Annotations

Branches:
Dungeon (13/15)            Temple (1/1) D:5            Lair (8/8) D:8
 Shoals (0/5) Lair:6        Snake (0/5) Lair:4        Slime (0/6) Lair:6
    Orc (4/4) D:10            Elf (0/3) Orc:4
 Vaults: D:13-14

Altars:
Ashenzari
Cheibriados
Dithmenos
Elyvilon
Fedhas
Gozag
Kikubaaqudgha
Makhleb
Nemelex Xobeh
Okawaru
Qazlal
Ru
Sif Muna
Trog
Vehumet
Xom
Yredelemnul
Zin
The Shining One
Beogh
Jiyva

Shops:
D:8 }   Orc:1 :   Orc:4 [*(:}[

Annotations:
D:2 exclusion: 2 downstairs
D:11 exclusion: downstairs
Lair:4 exclusion: downstairs


Message History

Casting: Iskenderun's Mystic Blast
Confirm with . or Enter, or press ? or * to list all spells.
Okay, then.
Read which item? (? for menu, Esc to quit)
Okay, then.
Drink which item? (? for menu, Esc to quit)
Okay, then.
Evoke which item? (* to show all) (? for menu, Esc to quit)
Okay, then.
Read which item? (? for menu, Esc to quit)
Okay, then.
Unknown command.
Evoke which item? (* to show all) (? for menu, Esc to quit)
Okay, then.
Use which ability? (? or * to list)
Okay, then.
You feel better. The blink frog hits you!
* * * LOW HITPOINT WARNING * * *
The blink frog blinks!
The yak gores you!
You die...

......#.#.........)............##
..÷.....................†.......#
......................P.......###
..#.................P.P......##
.P#..#..##.................P.#
...##..8.#................÷.P##
.P.##...÷.#.........).P#......###
P...#8.<.8#......FY.PP...........
....#.....#...F§@YSF......#....PP
...P##...##.....YFY..............
.÷..###+##......P.PFwPP.....##...
..#.......###P..PPY.^.PPPP..##...
###.........###...D...........#..
#....##.#......#..PP.......######
..#.##...#.....##PP........P♣
.#...........#..#.PP.......≈♣♣♣♣♣
.# ..8...8......#P.........≈§♣♣.≈


You could see a fire dragon, a torpor snail, 5 yaks, a spiny frog, 4 blink frogs
and an adder.

Vanquished Creatures
  A frost giant (IceCv)
  Gastronok (D:8)
  An orc warlord (Orc:4)
  A minotaur (Lab)
  An ettin (Orc:4)
  Fannar (Lair:4)
  Harold (Orc:3)
  6 hydras
  Erica (D:13)
  15 death yaks
  Nergalle (Lair:6)
  4 orc high priests (Orc:4)
  The ghost of Harvey99999 the Nimble, an experienced DrAK of Lugonu (D:8)
  An unseen horror (D:13)
  An ice statue (IceCv)
  6 orc knights (Orc:4)
  4 hill giants
  A lindwurm (Lair:7)
  An oklob plant (Lair:1)
  A cyclops (D:12)
  7 orc sorcerers
  2 ugly things (D:13)
  2 griffons (Lair:4)
  10 elephants
  A manticore (D:13)
  A centaur zombie (D:13)
  7 black mambas
  2 centaur skeletons (D:13)
  A torpor snail (Lair:6)
  12 spiny frogs
  Psyche (D:8)
  An efreet (D:13)
  6 komodo dragons
  6 fire drakes
  14 polar bears
  6 trolls
  The ghost of Elizilla the Shield-Bearer, an average FoFi (D:4)
  2 ravens (Lair:5)
  5 basilisks
  4 spriggans
  A snapping turtle (Lair:6)
  A redback (shapeshifter) (D:12)
  3 deep elf magi
  A wyvern (Lair:5)
  53 yaks
  9 hippogriffs
  Eustachio (D:6)
  2 steam dragons
  46 wolves
  5 wargs
  Menkaure (D:5)
  2 mottled dragons (Lair:8)
  3 sky beasts
  13 porcupines
  22 water moccasins
  4 nagas (Lair:4)
  3 swamp drakes (Lair:8)
  2 black bears
  5 ice beasts
  40 orc warriors
  A necrophage (D:9)
  2 phantoms
  2 eyes of draining
  A fulminant prism (D:9)
  A centaur (D:12)
  17 crocodiles
  9 ogres
  Sigmund (D:3)
  A brain worm (D:13)
  3 big kobolds
  9 giant frogs
  A scorpion (D:13)
  2 jellies
  9 killer bees (D:10)
  6 wights
  2 goliath beetles
  3 crimson imps
  22 hounds
  A giant frog zombie (D:13)
  A quasit (Orc:2)
  61 orc wizards
  Natasha (thrice) (D:4)
  9 iguanas
  37 orc priests
  11 sheep
  7 worker ants
  2 hound skeletons
  A mummy (D:12)
  11 gnolls
  35 adders
  An orc zombie (Orc:4)
  94 river rats
  2 giant mites
  4 shadow imps
  A white imp (D:6)
  An ufetubus (D:6)
  4 giant geckos
  An ooze (D:2)
  201 orcs
  3 ball pythons
  2 bat skeletons
  A bat zombie (D:7)
  3 giant cockroaches
  27 hobgoblins
  6 jackals
  10 quokkas
  25 bats
  A giant gecko zombie (D:5)
  6 giant newts
  20 goblins
  30 kobolds
  A quokka skeleton (D:9)
  A quokka zombie (D:6)
  19 rats
  2 bushes (Lair:8)
  4 butterflies (Lair:4)
  10 fungi
  19 plants
1128 creatures vanquished.

Vanquished Creatures (others)
  2 polar bears (IceCv)
  A yak (Lair:8)
  A wolf (Lair:2)
  A crimson imp (D:12)
  190 fulminant prisms
  A butterfly (Lair:4)
  4 fungi
  7 plants
207 creatures vanquished.

Grand Total: 1335 creatures vanquished

Notes
Turn   | Place    | Note
--------------------------------------------------------------
     0 | D:1      | ImaNewbie, the Deep Elf Conjurer, began the quest for the Orb.
     0 | D:1      | Reached XP level 1. HP: 10/10 MP: 5/5
   218 | D:1      | Reached XP level 2. HP: 15/15 MP: 1/8
   222 | D:1      | Learned a level 2 spell: Searing Ray
   553 | D:1      | Reached XP level 3. HP: 19/19 MP: 5/12
  1011 | D:2      | Reached skill level 5 in Conjurations
  1263 | D:2      | Learned a level 3 spell: Dazzling Spray
  1341 | D:2      | Reached skill level 1 in Hexes
  1341 | D:2      | Reached XP level 4. HP: 24/24 MP: 10/15
  1823 | D:3      | Noticed Sigmund
  2577 | D:3      | Learned a level 4 spell: Fulminant Prism
  2637 | D:3      | Reached XP level 5. HP: 23/28 MP: 14/18
  2752 | D:4      | Reached skill level 6 in Conjurations
  2767 | D:4      | Reached skill level 5 in Spellcasting
  2871 | D:4      | Noticed Elizilla's ghost (average FoFi)
  2925 | D:4      | Killed Elizilla's ghost
  2925 | D:4      | Reached XP level 6. HP: 20/32 MP: 1/21
  2932 | D:4      | Learned a level 5 spell: Iskenderun's Battlesphere
  3245 | D:4      | Noticed Natasha
  3251 | D:4      | Killed Natasha
  3251 | D:4      | Reached skill level 1 in Charms
  3350 | D:4      | Reached skill level 5 in Hexes
  3350 | D:4      | Reached XP level 7. HP: 29/36 MP: 12/23
  3643 | D:4      | Noticed Natasha
  3645 | D:4      | Killed Natasha
  3689 | D:4      | Noticed Natasha
  3690 | D:4      | Killed Natasha
  3730 | D:5      | Entered Level 5 of the Dungeon
  3752 | D:5      | Noticed Menkaure
  3756 | D:5      | Killed Menkaure
  3768 | D:5      | Reached skill level 7 in Conjurations
  4327 | D:5      | Found a staircase to the Ecumenical Temple.
  4337 | Temple   | Entered the Ecumenical Temple
  4375 | Temple   | Became a worshipper of Vehumet
  4664 | D:6      | Reached XP level 8. HP: 25/41 MP: 13/25
  4808 | D:6      | Learned a level 4 spell: Iskenderun's Mystic Blast
  4955 | D:6      | Reached skill level 5 in Charms
  5074 | D:6      | Reached skill level 8 in Conjurations
  5110 | D:6      | Noticed Eustachio
  5188 | D:6      | Killed Eustachio
  5212 | D:6      | Acquired Vehumet's first power
  5212 | D:6      | Offered knowledge of Freeze by Vehumet.
  5437 | D:6      | Found an iron altar of Okawaru.
  5466 | D:6      | Noticed a hill giant
  5471 | D:6      | Killed a hill giant
  5471 | D:6      | Reached XP level 9. HP: 40/45 MP: 8/29
  5647 | D:6      | Reached skill level 9 in Conjurations
  5957 | D:7      | Found a deep blue altar of Sif Muna.
  6751 | D:8      | Noticed Harvey99999's ghost (experienced DrAK)
  6754 | D:8      | Noticed Gastronok
  6901 | D:8      | Found Nassam's Gadget Shop.
  6901 | D:8      | Noticed Psyche
  7019 | D:8      | Killed Psyche
  7736 | D:8      | Found a staircase to the Lair.
  7739 | D:8      | Offered knowledge of Throw Flame by Vehumet.
  8092 | D:9      | Reached skill level 10 in Conjurations
  8475 | D:9      | Reached XP level 10. HP: 50/50 MP: 17/31
  8995 | D:3      | Offered knowledge of Conjure Flame by Vehumet.
  9000 | D:3      | Learned a level 3 spell: Conjure Flame
  9008 | D:3      | Killed Sigmund
  9008 | D:3      | Reached skill level 10 in Spellcasting
  9046 | D:3      | Noticed an ice beast
  9050 | D:3      | Killed an ice beast
  9293 | D:10     | Entered Level 10 of the Dungeon
  9350 | D:10     | Acquired Vehumet's second power
  9355 | D:10     | Noticed a hill giant
  9359 | D:10     | Killed a hill giant
  9359 | D:10     | Reached skill level 11 in Conjurations
  9465 | D:10     | Found a staircase to the Orcish Mines.
  9752 | D:10     | Reached skill level 1 in Fire Magic
  9836 | D:10     | Offered knowledge of Sticky Flame by Vehumet.
 10694 | Orc:1    | Entered Level 1 of the Orcish Mines
 10875 | Orc:1    | Acquired Vehumet's third power
 10916 | Orc:1    | Offered knowledge of Irradiate by Vehumet.
 10922 | Orc:1    | Upgraded the game from 0.16.1-7-g2c6721e to 0.16.1-11-g651b585
 10928 | Orc:1    | Learned a level 5 spell: Irradiate
 10946 | Orc:1    | Found Taifraiv's Book Shop.
 11015 | Orc:1    | Reached skill level 5 in Fire Magic
 11363 | Orc:1    | Reached XP level 11. HP: 50/54 MP: 28/33
 11571 | Orc:2    | Offered knowledge of Lee's Rapid Deconstruction by Vehumet.
 12225 | Orc:3    | Noticed Harold
 12469 | Orc:3    | Learned a level 3 spell: Mephitic Cloud
 12485 | Orc:3    | Gained mutation: You are partially covered in icy blue scales (AC +1). [potion of mutation]
 12485 | Orc:3    | Gained mutation: You are partially covered in rough black scales (AC +4, Dex -1). [potion of mutation]
 12485 | Orc:3    | Gained mutation: You expend magic power (3 MP) to slightly strengthen your wands. [potion of mutation]
 12526 | Orc:3    | Killed Harold
 12526 | Orc:3    | Reached skill level 12 in Spellcasting
 12537 | Orc:3    | Found a roughly hewn altar of Beogh.
 13401 | Orc:4    | Entered Level 4 of the Orcish Mines
 13402 | Orc:4    | Found a staircase to the Elven Halls.
 13774 | Orc:4    | Noticed an ettin
 13778 | Orc:4    | Killed an ettin
 13880 | Orc:4    | Found Phievat's Armour Shop.
 13883 | Orc:4    | Found Two Zach's Gadget Shoppe.
 14004 | Orc:4    | Reached XP level 12. HP: 44/59 MP: 10/35
 14352 | Orc:4    | Noticed an orc high priest
 14370 | Orc:4    | Killed an orc high priest
 14370 | Orc:4    | Reached skill level 13 in Spellcasting
 14418 | Orc:4    | Noticed an orc high priest
 14424 | Orc:4    | Killed an orc high priest
 14424 | Orc:4    | Reached skill level 10 in Fire Magic
 14535 | Orc:4    | Reached skill level 10 in Charms
 14796 | Orc:4    | Reached skill level 1 in Transmutations
 14938 | Orc:4    | Noticed an orc warlord
 14949 | Orc:4    | Killed an orc warlord
 15149 | Orc:4    | Noticed an orc high priest
 15155 | Orc:4    | Killed an orc high priest
 15155 | Orc:4    | Offered knowledge of Bolt of Cold by Vehumet.
 15155 | Orc:4    | Reached skill level 14 in Spellcasting
 15295 | Orc:4    | Noticed an orc high priest
 15299 | Orc:4    | Killed an orc high priest
 15600 | Orc:4    | Found Bazy's Antique Armour Shop.
 15637 | Orc:4    | Found Jyih's Antique Weapon Shop.
 15639 | Orc:4    | Found Vuonogguimn's General Store.
 15639 | Orc:4    | Found Schuturph's Book Boutique.
 15665 | Orc:4    | Bought a book of Fire for 910 gold pieces
 15673 | Orc:4    | Learned a level 7 spell: Delayed Fireball
 15679 | Orc:4    | Learned a level 5 spell: Fireball
 16425 | D:11     | Identified a cursed +3 rod of inaccuracy (11/11) (You found it on level 11 of the Dungeon)
 16992 | D:12     | Offered knowledge of Bolt of Magma by Vehumet.
 16995 | D:12     | Noticed a seven-headed hydra
 17002 | D:12     | Killed a seven-headed hydra
 17205 | D:12     | Reached XP level 13. HP: 63/63 MP: 29/37
 17241 | D:12     | Found a labyrinth entrance.
 17277 | Lab      | Entered a labyrinth
 19244 | D:13     | Reached skill level 15 in Spellcasting
 19284 | D:13     | Noticed Erica
 19289 | D:13     | Killed Erica
 19306 | D:13     | Gained mutation: You can spit poison. [potion of mutation]
 19559 | D:13     | Gained mutation: Your spells are a little easier to cast, but a little less powerful. [potion of mutation]
 19559 | D:13     | Gained mutation: Space occasionally distorts in your vicinity. [potion of mutation]
 19559 | D:13     | Lost mutation: You can spit poison. [potion of mutation]
 19560 | D:13     | Lost mutation: You expend magic power (3 MP) to slightly strengthen your wands. [potion of cure mutation]
 19560 | D:13     | Lost mutation: You are partially covered in rough black scales (AC +4, Dex -1). [potion of cure mutation]
 19560 | D:13     | Lost mutation: Space occasionally distorts in your vicinity. [potion of cure mutation]
 19560 | D:13     | Lost mutation: You are partially covered in icy blue scales (AC +1). [potion of cure mutation]
 19560 | D:13     | Lost mutation: Your spells are a little easier to cast, but a little less powerful. [potion of cure mutation]
 20563 | D:8      | Killed Gastronok
 20867 | D:8      | Killed Harvey99999's ghost
 21071 | Lair:1   | Entered Level 1 of the Lair of Beasts
 22212 | Lair:2   | Reached skill level 16 in Spellcasting
 22788 | Lair:2   | Offered knowledge of Lightning Bolt by Vehumet.
 23187 | Lair:3   | Found a shimmering altar of Xom.
 23234 | Lair:3   | Found a frozen archway.
 23355 | IceCv    | Entered an ice cave
 23534 | IceCv    | Reached XP level 14. HP: 68/68 MP: 36/39
 23769 | IceCv    | Offered knowledge of Poison Arrow by Vehumet.
 23781 | IceCv    | Reached skill level 17 in Spellcasting
 24332 | IceCv    | Noticed a frost giant
 24336 | IceCv    | Killed a frost giant
 24436 | Lair:3   | Learned a level 1 spell: Summon Butterflies
 24444 | Lair:3   | Learned a level 7 spell: Ring of Flames
 25296 | Lair:3   | Identified 2 scrolls of acquirement
 25767 | Lair:4   | Noticed Fannar
 25780 | Lair:4   | Killed Fannar
 25794 | Lair:4   | Offered knowledge of Ozocubu's Refrigeration by Vehumet.
 26391 | Lair:4   | Found a staircase to the Snake Pit.
 26569 | Lair:5   | Reached skill level 18 in Spellcasting
 26615 | Lair:5   | Got a heavily runed golden amulet
 26617 | Lair:5   | Identified the amulet "Haososh" {Gourm rC- Str+4 SInv} (You found it on level 5 of the Lair of Beasts)
 27555 | Lair:6   | Noticed Nergalle
 27556 | Lair:6   | Killed Nergalle
 27789 | Lair:6   | Offered knowledge of Conjure Ball Lightning by Vehumet.
 27937 | Lair:6   | Reached skill level 15 in Conjurations
 28122 | Lair:6   | Found a viscous altar of Jiyva.
 28124 | Lair:6   | Found a staircase to the Slime Pits.
 28336 | Lair:6   | Found a staircase to the Shoals.
 29297 | Lair:6   | Reached XP level 15. HP: 60/72 MP: 41/41
 30145 | Lair:8   | Entered Level 8 of the Lair of Beasts
 30315 | Lair:8   | Reached skill level 19 in Spellcasting
 30948 | Lair:8   | Slain by a yak

Action                   |  1- 3 |  4- 6 |  7- 9 | 10-12 | 13-15 || total
-------------------------+-------+-------+-------+-------+-------++-------
Melee: Unarmed           |     2 |       |       |       |       ||     2
       Short sword       |       |     3 |       |       |       ||     3
       Falchion          |       |     2 |     3 |       |       ||     5
       Staff             |       |       |     9 |     9 |    61 ||    79
       Scimitar          |       |       |       |       |    16 ||    16
 Cast: Magic Dart        |    70 |    84 |   178 |   392 |   236 ||   960
       Searing Ray       |     4 |    10 |    35 |    78 |   129 ||   256
       Dazzling Spray    |       |     1 |    24 |    65 |    22 ||   112
       Fulminant Prism   |       |     5 |    42 |    46 |    99 ||   192
       Iskenderun's Myst |       |       |    11 |    39 |    57 ||   107
       Iskenderun's Batt |       |       |     4 |    51 |    66 ||   121
       Mephitic Cloud    |       |       |       |     4 |    13 ||    17
       Fireball          |       |       |       |     4 |   104 ||   108
       Irradiate         |       |       |       |     2 |     8 ||    10
       Delayed Fireball  |       |       |       |     1 |     3 ||     4
       Conjure Flame     |       |       |       |       |     2 ||     2
       Ring of Flames    |       |       |       |       |     4 ||     4
       Summon Butterflie |       |       |       |       |     1 ||     1
 Abil: Release Delayed F |       |       |       |       |     3 ||     3
Evoke: Rod               |       |       |       |     1 |       ||     1
       Wand              |       |       |       |       |     3 ||     3
  Use: Scroll            |       |     7 |     3 |     6 |     8 ||    24
       Potion            |       |       |    12 |     1 |    10 ||    23
  Eat: Chunk             |     1 |     7 |    20 |    30 |    40 ||    98
       Pizza             |       |       |       |     1 |       ||     1
       Beef jerky        |       |       |       |       |     4 ||     4
